 Dungeon Crawl Stone Soup version 0.23-b1-84-g6588a6b (webtiles) character file.

Game seed: 14317348091807642796

384816 silenth the Slayer (level 21, -8/213 HPs)
             Began as a Minotaur Berserker on Feb 8, 2019.
             Was the Champion of Trog.
             Shot with a bolt by a yaktaur (14 damage)
             ... on level 3 of the Depths on Feb 9, 2019.
             The game lasted 01:35:50 (51223 turns).

silenth the Slayer (Minotaur Berserker)            Turns: 51223, Time: 01:35:50

Health: -8/213     AC: 27    Str: 24    XL:     21   Next: 97%
Magic:  29/29      EV: 19    Int:  2    God:    Trog [******]
Gold:   1003       SH: 19    Dex: 21    Spells: 20/20 levels left

rFire    + . .     SeeInvis +   a - +6 demon whip (elec)
rCold    . . .     Gourm    .   U - +0 shield
rNeg     + + .     Faith    .   P - +2 chain mail {MR+}
rPois    +         Spirit   .   f - +0 hat of the Beginning {rN++ Regen+ SInv Stlth+}
rElec    +         Reflect  +   M - +2 cloak {+Inv}
rCorr    .         Harm     .   I - +2 pair of gloves
MR       +++..     NoTele   +   k - +2 pair of boots of the Assassin {Detection Stab+ Stlth++}
Stlth    +++++.....             c - +4 amulet of reflection
HPRegen  0.85/turn              z - ring of Qedotati {rElec rPois rF+ Int-3}
MPRegen  0.21/turn              E - ring "Ostobb" {-Tele MR+ Dex+4 SInv}

@: marked, hasted, very quick
A: retaliatory headbutt, horns 2
}: 2/15 runes: barnacled, gossamer
a: Berserk, Trog's Hand, Brothers in Arms, Renounce Religion, Evoke Invisibility


You were on level 3 of the Depths.
You worshipped Trog.
Trog was exalted by your worship.
You were not hungry.

You visited 8 branches of the dungeon, and saw 39 of its levels.
You visited 1 bazaar.
You also visited: Ice Cave.

You collected 4380 gold pieces.
You spent 3377 gold pieces at shops.

Inventory:

Hand Weapons
 a - a +6 demon whip of electrocution (weapon)
 b - a +0 blowgun
 w - a +4 antimagic eveningstar
Missiles
 q - 12 javelins of returning
 s - 111 poisoned needles
 u - 6 throwing nets
 C - 17 curare-tipped needles
 D - 30 javelins of penetration
 G - 6 tomahawks of returning (quivered)
Armour
 f - the +0 hat of the Beginning (worn) {rN++ Regen+ SInv Stlth+}
   (You found it in an ice cave)

   It greatly protects you from negative energy.
   It lets you see invisible.
   It increases your rate of regeneration.
   It makes you more stealthy.
 k - the +2 pair of boots of the Assassin (worn) {Detection Stab+ Stlth++}
   (You found it in an ice cave)

   It makes you much more stealthy.
 I - a +2 pair of gloves (worn)
 M - a +2 cloak of invisibility (worn)
 P - a +2 chain mail of magic resistance (worn)
 U - a +0 shield (worn)
Jewellery
 c - a +4 amulet of reflection (around neck)
 h - an uncursed ring of flight
 z - the ring of Qedotati (left hand) {rElec rPois rF+ Int-3}
   (You found it on level 2 of the Shoals)

   [ring of intelligence]

   It affects your intelligence (-3).
   It protects you from fire.
   It insulates you from electricity.
   It protects you from poison.
 E - the ring "Ostobb" (right hand) {-Tele MR+ Dex+4 SInv}
   (You found it on level 10 of the Dungeon)

   [ring of protection from magic]

   It affects your dexterity (+4).
   It affects your resistance to hostile enchantments.
   It lets you see invisible.
   It prevents most forms of teleportation.
 F - the ring of Dumurghe {Ice Str+4 Int+2}
   (You found it on level 4 of the Shoals)

   [ring of ice]

   It enhances your ice magic.
   It affects your strength (+4).
   It affects your intelligence (+2).
   It makes you vulnerable to fire.
   It protects you from cold.
Wands
 p - a wand of acid (5)
 v - a wand of flame (41)
 J - a wand of enslavement (18)
 O - a wand of paralysis (19)
 Q - a wand of digging (5)
Scrolls
 d - 13 scrolls of identify
 g - a scroll of enchant weapon
 j - 4 scrolls of summoning
 n - 24 scrolls of teleportation
 o - 3 scrolls of fog
 r - 19 scrolls of remove curse
 y - a scroll of magic mapping
 B - 6 scrolls of fear
 H - 6 scrolls of blinking
Potions
 i - 4 potions of heal wounds
 l - 10 potions of haste
 t - 8 potions of agility
 x - 9 potions of curing
 A - 4 potions of ambrosia
 L - 3 potions of might
 N - 4 potions of resistance
 X - 4 potions of mutation
Miscellaneous
 m - a lamp of fire
 K - 2 phantom mirrors
 Z - a lightning rod (4/4)
Comestibles
 e - 23 rations


   Skills:
 + Level 23.7 Fighting
 - Level 16.0 Maces & Flails
 - Level 14.0 Throwing
 + Level 17.8 Armour
 + Level 13.4 Dodging
 + Level 10.4 Stealth
 - Level 15.0 Shields
 - Level 12.0 Evocations


You had 20 spell levels left.
You didn't know any spells.
Your spell library was empty.

Dungeon Overview and Level Annotations

Branches:
Dungeon (15/15)            Temple (1/1) D:5            Lair (6/6) D:9
 Shoals (4/4) Lair:4       Spider (4/4) Lair:2        Slime (0/5) Lair:5
    Orc (2/2) D:11            Elf (0/3) Orc:2        Vaults (4/5) D:14
  Crypt (0/3) Vaults:2     Depths (3/5) D:15

Altars:
Ashenzari
Dithmenos
Elyvilon
Fedhas
Hepliaklqana
Kikubaaqudgha
Makhleb
Nemelex Xobeh
Okawaru
Qazlal
Ru
Sif Muna
Trog
Uskayaw
Xom
Yredelemnul
The Shining One
Beogh
Jiyva

Shops:
D:4 !   D:9 (   D:13 *   Orc:2 *[?(=*   Shoals:1 =   Shoals:4 }

Portals:
Hell: Depths:1 Depths:2 Depths:3
Abyss: Depths:3
Pandemonium: Depths:3

Annotations:
D:6 1 runed translucent door
D:7 3 runed translucent doors, rednit's ghost, novice MiBe
Lair:3 1 runed translucent door, exclusion: 2 oklob plants, 12572944's ghost, journeyman MiBe
Shoals:2 1 runed translucent door
Spider:3 3 runed translucent doors, Nuqinleag's ghost, adept GrEE; Tacit's ghost, journeyman GrMo; Vubreenic's ghost, adept CeHu


Innate Abilities, Weirdness & Mutations

You reflexively headbutt those who attack you in melee.
You have a pair of horns on your head.


Message History

The spriggan air mage waves its arms in wide circles.
The air twists around and strikes you!
* * * LOW HITPOINT WARNING * * *
2 yaktaurs come into view.
The spriggan defender hits you but does no damage.
The spriggan air mage waves its arms in wide circles.
The air twists around and strikes you!
* * * LOW HITPOINT WARNING * * *
You feel much better.
The spriggan defender hits you with a +0 rapier of speed!
* * * LOW HITPOINT WARNING * * *
The elephant tramples you!
* * * LOW HITPOINT WARNING * * *
You stumble backwards!
A yaktaur comes into view.
The yaktaur wields a +0 arbalest.
The yaktaur shoots a bolt.
You reflect the bolt off an invisible shield around you!
The bolt hits the yaktaur!!
The yaktaur wields a +0 arbalest.
The yaktaur shoots a bolt.
The bolt hits you!
You die... .....▓ #... .....▓ ▓.... .....▓ {{{{{{{ ▓../. .....▓ {{{{

{{ ▓.... .....# {{ {{ #....
....u##▓▓▓▓####▓▓▓▓####▓▓▓▓##....
..†.u....u...iiY@.....cc.........
........)....Yi.......c...<.<)...
............(.i.......c........<.
.................................
..........>..........)...........
....#...............)............
.######.....∩.?.....###...#.....#
# ###.....).....# #######..##
#...........## ####


You could see a brown very ugly thing, a death yak (berserk), an elephant
(berserk), a spriggan defender, 3 spriggan air magi and 4 yaktaurs.

Vanquished Creatures
  Frederick (Vaults:4)
  Saint Roka (Vaults:4)
  A caustic shrike (Depths:1)
  Arachne (Spider:3)
  6 liches
  2 Ice Fiends (IceCv)
  A tentacled monstrosity (Depths:1)
  Asterion (Spider:3)
  Agnes (Lair:2)
  A tengu reaver (Vaults:4)
  The ghost of archon2 the Scorcher, an adept DEFE of Vehumet (Shoals:1)
  6 frost giants
  3 fire giants
  7 vault wardens
  4 ghost moths
  Louise (Spider:4)
  2 emperor scorpions
  12 ironheart preservers
  7 very ugly things
  A ghoul (Vaults:2)
  8 stone giants
  A spriggan defender (Vaults:4)
  7 entropy weavers
  7 spark wasps
  6 fire dragons
  5 merfolk javelineers
  11 merfolk impalers
  A crystal guardian (Vaults:3)
  3 ettins (Depths:1)
  14 ogre magi
  The ghost of SkeletonJelly2 the Cleaver, a journeyman DDFi of Makhleb (D:10)
  2 yaktaur captains
  Fannar (Lair:3)
  8 great orbs of eyes
  5 hydras
  A hell beast (Depths:1)
  7 vault guards
  8 ice dragons
  An alligator snapping turtle (Shoals:4)
  6 merfolk avatars
  3 rakshasas
  2 death knights (Vaults:2)
  5 centaur warriors
  3 catoblepae
  4 merfolk aquamancers
  45 two-headed ogres
  A tengu warrior (D:14)
  2 deep troll shamans
  18 death yaks
  3 deep troll earth magi
  A spriggan berserker (Depths:1)
  Nergalle (Lair:2)
  7 deep elf knights
  2 vampire magi (Depths:2)
  A sun demon (Depths:1)
  Urug (D:12)
  9 skeletal warriors
  5 hell knights (Depths:1)
  7 sea snakes
  4 wizards
  10 deep trolls
  2 shadow wraiths
  3 glowing orange brains
  A deep elf archer (Vaults:1)
  4 flayed ghosts
  A phantasmal warrior (Vaults:2)
  A wolf spider zombie (D:15)
  4 necromancers
  7 ironbrand convokers
  20 harpies
  17 orc knights
  The ghost of DarkinPup the Slasher, a novice DsGl (D:6)
  2 oklob plants (Shoals:2)
  30 wolf spiders
  55 ugly things
  2 orc sorcerers
  14 deep elf magi
  16 manticores
  A frost giant zombie (Vaults:3)
  13 orb spiders
  3 human zombies
  10 cyclopes
  5 fauns
  A moth of wrath (Spider:2)
  14 elephants
  A black mamba (shapeshifter) (Depths:1)
  2 water nymphs
  An elephant (shapeshifter) (Depths:1)
  4 black mambas
  A rust devil (Depths:1)
  A guardian serpent (shapeshifter) (Vaults:4)
  4 centaur skeletons
  9 vault sentinels
  A torpor snail (Spider:2)
  9 merfolk sirens
  3 naga magi (D:15)
  3 ice statues
  An eye of devastation (D:11)
  17 spiny frogs
  3 rime drakes
  14 ice devils
  A spiny frog (shapeshifter) (Vaults:4)
  6 freezing wraiths
  9 komodo dragons
  23 yaktaurs
  A kobold demonologist (D:10)
  A yaktaur zombie (Vaults:3)
  9 demonic crawlers
  A yaktaur skeleton (Vaults:1)
  A queen bee (shapeshifter) (D:14)
  5 tengu conjurers
  4 polar bears
  2 wind drakes
  6 trolls
  A jumping spider (shapeshifter) (Vaults:2)
  32 jumping spiders
  45 merfolk
  A queen bee (Lair:2)
  3 blink frogs (Lair:3)
  2 trolls (shapeshifter)
  A wolf spider simulacrum (D:15)
  8 hornets
  An ettin zombie (Vaults:3)
  8 snapping turtles
  40 slime creatures
  26 dream sheep
  12 hippogriffs
  77 redbacks
  A centaur simulacrum (D:15)
  A yak (shapeshifter) (D:12)
  3 shadows
  2 tarantellas (shapeshifter)
  23 water elementals
  16 spriggans
  24 tarantellas
  A wyvern (D:10)
  7 wraiths
  8 humans (D:14)
  38 yaks
  A golden eye (shapeshifter) (Vaults:4)
  Eustachio (D:6)
  3 basilisks
  Menkaure (D:6)
  6 vampire mosquitoes (D:14)
  9 wargs
  16 water moccasins
  10 porcupines
  2 hornet zombies (D:15)
  60 orc warriors
  Duvessa (D:6)
  A sky beast (shapeshifter) (Vaults:2)
  4 black bears
  6 ice beasts
  A sky beast (D:5)
  37 ogres
  32 wolves
  A phantom (D:9)
  4 boggarts (Lair:6)
  10 crocodiles
  8 centaurs
  3 big kobolds
  25 bullfrogs
  A wyvern zombie (D:9)
  A gnoll sergeant (D:12)
  A water moccasin zombie (D:7)
  A hornet simulacrum (D:15)
  6 scorpions
  A water moccasin skeleton (D:9)
  Dowan (D:6)
  4 wights (D:6)
  29 killer bees
  A vampire bat (D:9)
  2 electric eels
  A bullfrog zombie (D:12)
  8 crimson imps
  A quasit (D:13)
  2 centaur zombies
  11 jellies
  Crazy Yiuf (D:2)
  A gnoll shaman (D:5)
  8 hounds
  3 bullfrog skeletons
  19 orc priests
  5 human skeletons
  32 orc wizards
  Jessica (D:2)
  3 iguanas
  13 worker ants
  A killer bee zombie (D:8)
  A hound zombie (D:5)
  A hound skeleton (D:4)
  A worker ant zombie (D:8)
  7 gnolls
  7 adders
  4 shadow imps
  11 white imps (IceCv)
  3 ufetubi (IceCv)
  6 oozes
  3 adder zombies
  2 dart slugs (D:3)
  5 leopard geckos
  120 orcs
  3 ball pythons
  5 bat skeletons (D:9)
  2 bat zombies (D:9)
  7 giant cockroaches
  13 goblins
  6 hobgoblins
  17 jackals
  18 kobolds
  6 quokkas
  8 bats
  5 frilled lizards
  A quokka skeleton (D:8)
  6 rats
  2 plants (Shoals:2)
1718 creatures vanquished.

Vanquished Creatures (collateral kills)
  Sojobo (Vaults:4)
  Rupert (Vaults:4)
  Polyphemus (Shoals:4)
  A tengu reaver (Vaults:4)
  A deep elf sorcerer (Vaults:2)
  A draconian knight (Vaults:4)
  A ghost moth (Spider:4)
  A vault warden (Vaults:2)
  4 emperor scorpions (Spider:4)
  2 ironheart preservers (Vaults:2)
  2 very ugly things (Vaults:2)
  A crystal guardian (Vaults:2)
  2 merfolk impalers (Shoals:1)
  A hydra (D:11)
  3 deep troll shamans
  2 death yaks (Shoals:4)
  A deep troll (Vaults:2)
  A sea snake (Shoals:1)
  An ironbrand convoker (Vaults:2)
  3 harpies
  A deep elf archer (Vaults:2)
  2 wolf spiders
  A deep elf mage (Vaults:2)
  2 orb spiders
  2 ugly things (Vaults:2)
  A cyclops (Shoals:1)
  2 merfolk sirens (Shoals:1)
  A water nymph (Shoals:1)
  A demonic crawler (Spider:1)
  6 yaktaurs
  A komodo dragon (Lair:2)
  3 merfolk (Shoals:1)
  8 jumping spiders
  3 hornets (Spider:4)
  A polar bear (Lair:6)
  6 dream sheep
  2 tarantellas (Spider:4)
  A spriggan (Lair:6)
  5 redbacks
  2 water elementals
  A porcupine (Lair:2)
  An orc warrior (D:10)
  3 ogres (Vaults:2)
  A killer bee (Lair:2)
  A jelly (D:10)
  A bullfrog skeleton (D:10)
  A hound skeleton (D:10)
  An orc (Vaults:2)
92 creatures vanquished.

Vanquished Creatures (others)
  A frost giant (Shoals:4)
  A yaktaur captain (Vaults:3)
  2 centaur warriors
  An ogre mage (Vaults:2)
  Sonja (Orc:2)
  A shadow wraith (Vaults:3)
  A deep troll (Depths:1)
  4 deep elf archers
  A faun (Shoals:1)
  6 yaktaurs
  A human (D:14)
  An orc warrior (Orc:2)
  A black bear (shapeshifter) (Depths:1)
  2 centaurs
  3 white imps (IceCv)
  An ufetubus (IceCv)
  A bush (Lair:6)
  7 fungi (Lair:6)
  16 plants
52 creatures vanquished.

Grand Total: 1862 creatures vanquished

Notes
Turn   | Place    | Note
-------+----------+-------------------------------------------
     0 | D:1      | silenth the Minotaur Berserker began the quest for the Orb.
     0 | D:1      | Reached XP level 1. HP: 19/19 MP: 0/0
    49 | D:1      | Reached skill level 4 in Maces & Flails
   214 | D:1      | Reached XP level 2. HP: 22/27 MP: 1/1
   359 | D:1      | Reached skill level 4 in Fighting
   676 | D:1      | Reached XP level 3. HP: 28/33 MP: 2/2
   865 | D:1      | Reached ** piety under Trog
   982 | D:2      | Found a runed translucent door.
   983 | D:2      | Noticed Crazy Yiuf
  1031 | D:2      | Killed Crazy Yiuf
  1031 | D:2      | Reached skill level 5 in Maces & Flails
  1091 | D:2      | Noticed Jessica
  1093 | D:2      | Reached XP level 4. HP: 13/41 MP: 3/3
  1096 | D:2      | Killed Jessica
  1549 | D:3      | Reached skill level 6 in Maces & Flails
  1554 | D:3      | Found a shattered altar of Ashenzari.
  1625 | D:3      | Reached XP level 5. HP: 47/47 MP: 4/4
  1653 | D:3      | Found a sacrificial altar of Ru.
  1656 | D:3      | Reached skill level 5 in Fighting
  2136 | D:3      | Reached *** piety under Trog
  2322 | D:3      | Found a deep blue altar of Sif Muna.
  2595 | D:4      | Reached skill level 7 in Maces & Flails
  2595 | D:4      | Reached XP level 6. HP: 31/56 MP: 5/5
  2626 | D:4      | Found a blossoming altar of Fedhas.
  2951 | D:4      | Reached skill level 6 in Fighting
  2969 | D:4      | Reached skill level 8 in Maces & Flails
  2985 | D:4      | Found Lijuypsu's Distillery.
  3010 | D:4      | Bought a potion of might for 40 gold pieces
  3010 | D:4      | Bought 2 potions of curing for 60 gold pieces
  3012 | D:4      | Found a stormy altar of Qazlal.
  3015 | D:4      | Reached XP level 7. HP: 59/63 MP: 6/6
  3089 | D:4      | Found an iron altar of Okawaru.
  3311 | D:5      | Entered Level 5 of the Dungeon
  3337 | D:5      | Reached skill level 9 in Maces & Flails
  3438 | D:5      | Found a white marble altar of Elyvilon.
  3471 | D:5      | Found a burning altar of Makhleb.
  3502 | D:5      | Reached skill level 7 in Fighting
  3503 | D:5      | Reached **** piety under Trog
  3556 | D:5      | Found a shadowy altar of Dithmenos.
  3556 | D:5      | Found a hazy altar of Hepliaklqana.
  3593 | D:5      | Found a staircase to the Ecumenical Temple.
  3638 | Temple   | Entered the Ecumenical Temple
  3821 | D:5      | Reached XP level 8. HP: 67/73 MP: 7/7
  4101 | D:6      | Reached skill level 10 in Maces & Flails
  4137 | D:6      | Found a bloodstained altar of Trog.
  4213 | D:6      | Found a runed translucent door.
  4223 | D:6      | Found a basalt altar of Yredelemnul.
  4227 | D:6      | Noticed Eustachio
  4248 | D:6      | Killed Eustachio
  4248 | D:6      | Reached skill level 8 in Fighting
  4327 | D:6      | Reached skill level 11 in Maces & Flails
  4423 | D:6      | Noticed Menkaure
  4426 | D:6      | Killed Menkaure
  4489 | D:6      | Noticed Dowan
  4489 | D:6      | Noticed Duvessa
  4497 | D:6      | Killed Dowan
  4514 | D:6      | Killed Duvessa
  4655 | D:6      | Reached XP level 9. HP: 82/82 MP: 8/8
  4757 | D:6      | Found a runed translucent gate.
  4757 | D:6      | Found a runed translucent gate.
  4758 | D:6      | Found a runed translucent gate.
  4758 | D:6      | Noticed DarkinPup's ghost (novice DsGl)
  4768 | D:6      | Killed DarkinPup's ghost
  4768 | D:6      | Reached skill level 9 in Fighting
  4768 | D:6      | Reached skill level 12 in Maces & Flails
  4999 | D:7      | Reached skill level 3 in Armour
  5033 | D:7      | Reached skill level 1 in Throwing
  5033 | D:7      | Reached skill level 1 in Evocations
  5181 | D:7      | Found a runed translucent gate.
  5181 | D:7      | Found a runed translucent gate.
  5181 | D:7      | Found a runed translucent gate.
  5182 | D:7      | Noticed rednit's ghost (novice MiBe)
  5182 | D:7      | Identified the +8 whip of Instant Death {drain, *Contam
                  | rElec rF+ rC+}
  5298 | D:7      | Reached skill level 4 in Armour
  5298 | D:7      | Reached skill level 3 in Dodging
  5930 | D:8      | Reached skill level 2 in Throwing
  5987 | D:8      | Reached skill level 2 in Evocations
  5999 | D:8      | Reached skill level 5 in Armour
  6057 | D:8      | You fall through a shaft!
  6171 | D:9      | Reached skill level 10 in Fighting
  6171 | D:9      | Reached XP level 10. HP: 45/93 MP: 10/10
  6384 | D:9      | Noticed a death yak
  6386 | D:9      | Noticed a death yak
  6389 | D:9      | Found a staircase to the Lair.
  6389 | D:9      | Noticed a death yak
  6390 | D:9      | Noticed a death yak
  6390 | D:9      | Noticed a death yak
  6392 | D:9      | Noticed a death yak
  6397 | D:9      | Noticed a death yak
  6406 | D:9      | Killed a death yak
  6406 | D:9      | Reached skill level 3 in Throwing
  6406 | D:9      | Reached skill level 6 in Armour
  6406 | D:9      | Reached skill level 4 in Dodging
  6413 | D:9      | Killed a death yak
  6413 | D:9      | Reached skill level 3 in Evocations
  6426 | D:9      | Killed a death yak
  6426 | D:9      | Reached skill level 7 in Armour
  6437 | D:9      | Killed a death yak
  6437 | D:9      | Reached skill level 8 in Armour
  6437 | D:9      | Reached skill level 5 in Dodging
  6543 | D:7      | Killed a death yak
  6543 | D:7      | Reached skill level 4 in Evocations
  7011 | D:8      | Reached ***** piety under Trog
  7173 | D:8      | Killed a death yak
  7173 | D:8      | Reached skill level 11 in Fighting
  7173 | D:8      | Reached skill level 9 in Armour
  7173 | D:8      | Reached XP level 11. HP: 62/102 MP: 13/13
  7183 | D:8      | Killed a death yak
  7183 | D:8      | Reached skill level 6 in Dodging
  7480 | D:9      | Received a gift from Trog
  7500 | D:9      | Found Azoarrid's Antique Weapon Emporium.
  7673 | D:9      | Received a gift from Trog
  7929 | D:9      | Found an ancient bone altar of Kikubaaqudgha.
  7977 | D:10     | Entered Level 10 of the Dungeon
  7998 | D:10     | Noticed SkeletonJelly2's ghost (journeyman DDFi)
  8001 | D:10     | Found a runed translucent door.
  8104 | D:10     | Reached skill level 5 in Evocations
  8108 | D:10     | Noticed a skeletal warrior
  8108 | D:10     | Noticed a wizard
  8140 | D:10     | Reached skill level 10 in Armour
  8711 | D:11     | Found a staircase to the Orcish Mines.
  8737 | D:11     | Reached skill level 4 in Throwing
  8737 | D:11     | Reached skill level 7 in Dodging
  8748 | D:11     | Received a gift from Trog
  8822 | D:11     | Noticed a green ugly thing
  8841 | D:11     | Killed a green ugly thing
  8872 | D:11     | Noticed a five-headed hydra
  8874 | D:11     | Noticed a two-headed ogre
  8939 | D:10     | Killed SkeletonJelly2's ghost
  8939 | D:10     | Reached skill level 11 in Armour
  9072 | D:11     | Noticed a white ugly thing
  9082 | D:11     | Killed a white ugly thing
  9153 | D:11     | a two-headed ogre changed into an eye of devastation
  9205 | D:11     | Reached skill level 12 in Fighting
  9205 | D:11     | Reached XP level 12. HP: 91/112 MP: 14/14
  9228 | D:11     | Reached skill level 5 in Throwing
  9269 | D:11     | Received a gift from Trog
  9396 | D:11     | Killed a five-headed hydra
  9603 | Orc:1    | Entered Level 1 of the Orcish Mines
  9627 | Orc:2    | Entered Level 2 of the Orcish Mines
  9697 | Orc:1    | Reached skill level 8 in Dodging
 10200 | Lair:1   | Entered Level 1 of the Lair of Beasts
 10399 | Lair:1   | Reached skill level 1 in Shields
 10445 | Lair:1   | Reached skill level 12 in Armour
 10456 | Lair:1   | Reached skill level 2 in Shields
 10604 | Lair:1   | Noticed a five-headed hydra
 10611 | Lair:1   | Killed a five-headed hydra
 10912 | Lair:1   | Reached skill level 6 in Throwing
 11193 | Lair:1   | Reached skill level 3 in Shields
 11699 | Lair:2   | Reached skill level 9 in Dodging
 11709 | Lair:2   | Reached skill level 4 in Shields
 11897 | Lair:2   | Noticed Nergalle
 11911 | Lair:2   | Killed Nergalle
 11984 | Lair:2   | Reached skill level 13 in Fighting
 12190 | Lair:2   | Noticed a seven-headed hydra
 12195 | Lair:2   | Killed a seven-headed hydra
 12218 | Lair:2   | Noticed a death yak
 12218 | Lair:2   | Noticed a death yak
 12221 | Lair:2   | Noticed a death yak
 12233 | Lair:2   | Killed a death yak
 12241 | Lair:2   | Killed a death yak
 12241 | Lair:2   | Reached skill level 7 in Throwing
 12241 | Lair:2   | Reached XP level 13. HP: 117/122 MP: 15/15
 12270 | Lair:2   | Found a hole to the Spider Nest.
 12729 | Lair:3   | Noticed Fannar
 12743 | Lair:3   | Killed Fannar
 12743 | Lair:3   | Received a gift from Trog
 12813 | Lair:3   | Reached skill level 13 in Armour
 13079 | Lair:3   | Found a runed translucent door.
 13079 | Lair:3   | Found a shimmering altar of Xom.
 13079 | Lair:3   | Noticed 12572944's ghost (journeyman MiBe)
 13266 | Lair:3   | Received a gift from Trog
 13364 | Lair:3   | Reached skill level 10 in Dodging
 13779 | Lair:4   | Found a staircase to the Shoals.
 13810 | Lair:4   | Reached skill level 8 in Throwing
 13901 | Lair:4   | Received a gift from Trog
 14457 | Lair:4   | Received a gift from Trog
 14461 | Lair:4   | Reached skill level 14 in Fighting
 15149 | Lair:5   | Received a gift from Trog
 15254 | Lair:5   | Reached ****** piety under Trog
 15362 | Lair:5   | Found a staircase to the Slime Pits.
 15368 | Lair:5   | Found a viscous altar of Jiyva.
 15661 | Lair:6   | Entered Level 6 of the Lair of Beasts
 15681 | Lair:5   | Reached skill level 14 in Armour
 15712 | Lair:6   | Reached skill level 11 in Dodging
 15727 | Lair:6   | Reached skill level 9 in Throwing
 15727 | Lair:6   | Reached XP level 14. HP: 102/133 MP: 16/16
 15742 | Lair:6   | Received a gift from Trog
 16970 | Lair:6   | Reached skill level 15 in Fighting
 16973 | Lair:6   | Received a gift from Trog
 17151 | Lair:6   | Reached skill level 10 in Throwing
 17810 | D:12     | Received a gift from Trog
 17810 | D:12     | Reached skill level 12 in Dodging
 17946 | D:12     | Identified a scroll of acquirement
 18035 | D:12     | Noticed Urug
 18053 | D:12     | Killed Urug
 18544 | D:13     | Reached skill level 15 in Armour
 18879 | D:10     | Got a warped brass ring
 18927 | D:10     | Got a shimmering hunting sling
 18928 | D:10     | Identified the +6 hunting sling of Ysyap {freeze, Dex+2}
                  | (You found it on level 10 of the Dungeon)
 18932 | D:10     | Got a faintly glowing scale mail
 18943 | D:10     | Identified the +3 scale mail "Gafudiul" {Regen+ Int+2} (You
                  | found it on level 10 of the Dungeon)
 18961 | D:10     | Identified the ring "Ostobb" {-Tele MR+ Dex+4 SInv} (You
                  | found it on level 10 of the Dungeon)
 19169 | D:13     | Received a gift from Trog
 19508 | D:13     | Found Naif's Assorted Antiques.
 19873 | D:14     | Reached XP level 15. HP: 141/141 MP: 17/17
 19972 | D:14     | Received a gift from Trog
 19973 | D:14     | Got an encrusted great mace {god gift}
 19979 | D:14     | Identified the +4 great mace of the Blind Eye {antimagic,
                  | rN+ Dex+2} (Trog gifted it to you on level 14 of the
                  | Dungeon)
 20538 | D:14     | Reached skill level 11 in Throwing
 20602 | D:14     | Found a gate to the Vaults.
 20877 | D:15     | Entered Level 15 of the Dungeon
 20938 | D:15     | Reached skill level 16 in Fighting
 21264 | D:15     | Found a glowing golden altar of the Shining One.
 21317 | D:15     | Reached skill level 5 in Shields
 21336 | D:15     | Received a gift from Trog
 21347 | D:15     | Found a staircase to the Depths.
 21521 | D:15     | Reached skill level 6 in Shields
 22405 | Orc:2    | Found Jieceir's Mayhem Merchandise.
 22409 | Orc:2    | Noticed Sonja
 22416 | Orc:2    | Killed Sonja
 22566 | Orc:2    | Reached skill level 13 in Maces & Flails
 22587 | Orc:2    | Reached skill level 7 in Shields
 22857 | Orc:2    | Received a gift from Trog
 23051 | Orc:2    | Found a roughly hewn altar of Beogh.
 23087 | Orc:2    | Found Gosofoaze's Magic Scroll Boutique.
 23087 | Orc:2    | Found Ateuwet's Antique Armour Shoppe.
 23107 | Orc:2    | Found a staircase to the Elven Halls.
 23263 | Orc:2    | Found Osalak's Weapon Shop.
 23367 | Orc:2    | Found Nuico's Assorted Antiques.
 23367 | Orc:2    | Found Kuchaate's Jewellery Shoppe.
 23372 | Orc:2    | Bought a scroll of fear for 98 gold pieces
 23372 | Orc:2    | Bought a scroll labeled KYBBIC WOSAITH for 28 gold pieces
 23539 | Orc:2    | Reached skill level 8 in Shields
 23684 | Orc:2    | Bought a scroll of acquirement for 936 gold pieces
 23686 | Orc:2    | Got a bloodstained quick blade
 23688 | Orc:2    | Identified the +7 quick blade "Ystrenies" {chaos, rElec rF-
                  | Str+7 Stlth-} (You acquired it on level 2 of the Orcish
                  | Mines)
 23699 | Orc:2    | Bought glowing swamp dragon scales for 1325 gold pieces
 23915 | D:4      | Bought a potion of cancellation for 80 gold pieces
 23915 | D:4      | Bought a potion of heal wounds for 50 gold pieces
 24115 | D:13     | Bought a dented jade amulet for 160 gold pieces
 24263 | Spider:1 | Entered Level 1 of the Spider Nest
 24267 | Spider:1 | Noticed Agnes
 24640 | Lair:2   | Killed Agnes
 24641 | Lair:2   | Received a gift from Trog
 25194 | Spider:1 | Received a gift from Trog
 25435 | Spider:1 | Reached skill level 9 in Shields
 25458 | Spider:1 | Reached skill level 14 in Maces & Flails
 25458 | Spider:1 | Reached XP level 16. HP: 115/151 MP: 6/18
 26019 | Spider:2 | Reached skill level 10 in Shields
 26701 | Spider:2 | Reached skill level 6 in Evocations
 26863 | Spider:2 | Reached skill level 11 in Shields
 27557 | Spider:3 | Found a runed translucent gate.
 27809 | Spider:3 | Found a runed translucent gate.
 27810 | Spider:3 | Found a runed translucent gate.
 27811 | Spider:3 | Noticed Vubreenic's ghost (adept CeHu)
 27811 | Spider:3 | Noticed Tacit's ghost (journeyman GrMo)
 27811 | Spider:3 | Noticed Nuqinleag's ghost (adept GrEE)
 27999 | Spider:3 | Reached skill level 12 in Shields
 28012 | Spider:3 | Received a gift from Trog
 28096 | Spider:3 | Reached skill level 7 in Evocations
 29943 | Spider:4 | Entered Level 4 of the Spider Nest
 29943 | Spider:4 | Noticed Asterion
 29947 | Spider:4 | Noticed an Executioner
 30008 | Spider:3 | Killed Asterion
 30071 | Spider:4 | Noticed Arachne
 30111 | Spider:3 | Killed Arachne
 30111 | Spider:3 | Reached skill level 13 in Shields
 30962 | Spider:4 | Reached XP level 17. HP: 112/159 MP: 7/21
 31143 | Spider:4 | Noticed Louise
 31166 | Spider:4 | Killed Louise
 31239 | Spider:4 | Received a gift from Trog
 31425 | Spider:4 | Reached skill level 8 in Evocations
 31491 | Spider:4 | Reached skill level 12 in Throwing
 31854 | Spider:4 | Reached skill level 14 in Shields
 31856 | Spider:4 | Got a gossamer rune of Zot
 32614 | Shoals:1 | Entered Level 1 of the Shoals
 32694 | Shoals:1 | HP: 16/160 [merfolk/+0 trident (5)]
 33264 | Vaults:1 | Entered Level 1 of the Vaults
 33393 | Vaults:1 | Found a flickering gateway to a bazaar.
 33406 | Bazaar   | Entered a bazaar
 33427 | Bazaar   | Found Jacep's Food Boutique.
 33452 | Bazaar   | Found Ostropnu's Food Boutique.
 33477 | Bazaar   | Found Werergh's Food Boutique.
 33491 | Bazaar   | Found Emakhlahi's Antique Armour Shop.
 33578 | Vaults:1 | Reached skill level 17 in Fighting
 34005 | Vaults:1 | Received a gift from Trog
 34279 | Vaults:1 | Reached skill level 15 in Shields
 34379 | Vaults:1 | Reached skill level 9 in Evocations
 35454 | Vaults:2 | Reached skill level 18 in Fighting
 35488 | Vaults:2 | Received a gift from Trog
 35578 | Vaults:2 | Reached XP level 18. HP: 110/173 MP: 7/23
 35898 | Vaults:2 | Reached skill level 19 in Fighting
 36242 | Vaults:2 | Received a gift from Trog
 36248 | Vaults:2 | Found a magical portal.
 36620 | Vaults:2 | Reached skill level 20 in Fighting
 37195 | Vaults:2 | Reached skill level 21 in Fighting
 37648 | Vaults:2 | Received a gift from Trog
 38049 | Vaults:2 | Received a gift from Trog
 38060 | Vaults:2 | Reached skill level 13 in Dodging
 38100 | Vaults:2 | HP: 25/273 [deep troll[an ironheart preserver] (14)]
 38652 | Vaults:2 | Found a staircase to the Crypt.
 38873 | Vaults:3 | Received a gift from Trog
 38873 | Vaults:3 | Reached skill level 16 in Armour
 38885 | Vaults:3 | Reached XP level 19. HP: 127/190 MP: 8/24
 39059 | Vaults:3 | Reached skill level 1 in Stealth
 39799 | Vaults:3 | Reached skill level 2 in Stealth
 40639 | Vaults:4 | Received a gift from Trog
 40741 | Vaults:4 | Reached skill level 3 in Stealth
 40952 | Vaults:4 | Noticed Sojobo
 40952 | Vaults:4 | Noticed Rupert
 40952 | Vaults:4 | Noticed Frederick
 40974 | Vaults:4 | Killed Rupert
 40980 | Vaults:4 | Killed Sojobo
 40992 | Vaults:4 | Killed Frederick
 41048 | Vaults:4 | Noticed Saint Roka
 41338 | Vaults:4 | Reached skill level 4 in Stealth
 41369 | Vaults:4 | Killed Saint Roka
 41369 | Vaults:4 | Reached skill level 22 in Fighting
 41849 | Vaults:4 | Reached skill level 13 in Throwing
 41976 | Vaults:4 | Received a gift from Trog
 42032 | Vaults:4 | HP: 17/191 [yaktaur/bolt[a vault warden] (10)]
 42455 | Vaults:4 | Received a gift from Trog
 42478 | Vaults:4 | Reached skill level 17 in Armour
 42486 | Vaults:4 | Reached skill level 5 in Stealth
 42486 | Vaults:4 | Reached skill level 10 in Evocations
 43042 | Vaults:4 | Reached XP level 20. HP: 126/200 MP: 26/26
 43552 | Shoals:1 | Received a gift from Trog
 43584 | Shoals:1 | Received a gift from Trog
 44007 | Shoals:1 | Found a runed translucent gate.
 44007 | Shoals:1 | Found a runed translucent gate.
 44007 | Shoals:1 | Found a runed translucent gate.
 44010 | Shoals:1 | Noticed archon2's ghost (adept DEFE)
 44021 | Shoals:1 | Found Yxagg's Jewellery Emporium.
 44081 | Shoals:1 | Killed archon2's ghost
 44415 | Shoals:2 | Got a sparkling tin ring
 44430 | Shoals:2 | Identified the cursed ring of Qedotati {rElec rPois rF+
                  | Int-3} (You found it on level 2 of the Shoals)
 44847 | Shoals:2 | Found a runed translucent gate.
 44991 | Shoals:3 | Identified the +1 chain mail "Gakhiot" {rC- Str+6 SInv}
                  | (You acquired it on level 3 of the Shoals)
 45032 | Shoals:3 | Found a frozen archway.
 45053 | IceCv    | Entered an ice cave
 45227 | IceCv    | Found the +2 pair of boots of the Assassin {Detection Stab+
                  | Stlth++}
 45242 | IceCv    | Got a crude hat
 45250 | IceCv    | Identified the +0 hat of the Beginning {rN++ Regen+ SInv
                  | Stlth+} (You found it in an ice cave)
 45427 | IceCv    | Got a distressingly furry ring mail
 45428 | IceCv    | Identified the +5 ring mail "Rudet" {Int+3} (You found it
                  | in an ice cave)
 45645 | Shoals:3 | Received a gift from Trog
 45844 | Shoals:4 | Entered Level 4 of the Shoals
 45878 | Shoals:4 | Got a translucent steel ring
 45880 | Shoals:4 | Identified the ring of Dumurghe {Ice Str+4 Int+2} (You
                  | found it on level 4 of the Shoals)
 46133 | Shoals:4 | Found Heish's Gadget Shoppe.
 46136 | Shoals:4 | Bought a lightning rod (4/4) for 600 gold pieces
 46220 | Shoals:4 | Noticed Polyphemus
 46235 | Shoals:4 | Reached skill level 14 in Throwing
 46237 | Shoals:4 | Reached skill level 11 in Evocations
 46248 | Shoals:4 | Received a gift from Trog
 46249 | Shoals:4 | Killed Polyphemus
 46249 | Shoals:4 | Reached skill level 6 in Stealth
 46489 | Shoals:4 | Received a gift from Trog
 46730 | Shoals:4 | Got a barnacled rune of Zot
 47222 | Shoals:4 | Identified the ring of Epsoss {Fire Int-5 Dex-4 Slay+6
                  | SInv} (You found it on level 4 of the Shoals)
 47311 | Shoals:3 | Reached skill level 23 in Fighting
 47610 | Depths:1 | Entered Level 1 of the Depths
 47618 | Depths:1 | Reached skill level 7 in Stealth
 47625 | Depths:1 | Received a gift from Trog
 47659 | D:15     | HP: 20/203 [deep troll shaman (18)]
 48122 | Depths:1 | Reached XP level 21. HP: 189/211 MP: 20/28
 48181 | Depths:1 | Reached skill level 15 in Maces & Flails
 48650 | Depths:1 | Reached skill level 16 in Maces & Flails
 48665 | Depths:1 | Found a gateway to Hell.
 49088 | Depths:2 | Received a gift from Trog
 49219 | Depths:2 | Reached skill level 8 in Stealth
 49486 | Depths:1 | Reached skill level 12 in Evocations
 49586 | Depths:2 | Noticed a caustic shrike
 49714 | Depths:1 | Reached skill level 9 in Stealth
 49826 | Depths:1 | Killed a caustic shrike
 50038 | Depths:1 | Received a gift from Trog
 50137 | Depths:1 | Reached skill level 10 in Stealth
 50974 | Depths:3 | Received a gift from Trog
 51002 | Depths:3 | Found a one-way gate leading to the halls of Pandemonium.
 51104 | Depths:3 | Found a one-way gate to the infinite horrors of the Abyss.
 51174 | Depths:3 | Received a gift from Trog
 51215 | Depths:3 | HP: 21/213 [spriggan air mage/the air[a spriggan defender]
                  | (32)]
 51219 | Depths:3 | HP: 10/213 [poisoned by a green very ugly thing]
 51223 | Depths:3 | Shot with a bolt by a yaktaur

Skill      XL: |  1  2  3  4  5  6  7  8  9 10 11 12 13 14 15 16 17 18 19 20 21 |
---------------+----------------------------------------------------------------+-----
Maces & Flails | 4 5 6 7 8 9 11 12 14 16 | 16.0
Fighting       | 4 5 6 7 8 10 11 12 13 14 15 16 18 21 22 23 | 23.7
Armour         | 5 9 11 12 14 15 16 17 | 17.8
Throwing       | 2 3 4 7 9 10 11 12 13 14 | 14.0
Evocations     | 2 4 5 7 9 10 11 12 | 12.0
Dodging        | 3 5 7 9 11 12 13 | 13.4
Shields        | 4 9 13 15 | 15.0
Stealth        | 5 7 10 | 10.4

Action                   |  1- 3 |  4- 6 |  7- 9 | 10-12 | 13-15 | 16-18 | 19-21 || total
-------------------------+-------+-------+-------+-------+-------+-------+-------++-------
Melee: Mace              |    19 |       |       |       |       |       |       ||    19
       Whip              |    42 |   128 |   286 |   770 |  1529 |       |       ||  2755
       Headbutt          |     7 |    24 |    54 |   220 |   591 |   572 |   775 ||  2243
       Flail             |       |       |     1 |       |   340 |  1814 |    41 ||  2196
       Morningstar       |       |       |       |       |   249 |       |   306 ||   555
       Demon whip        |       |       |       |       |       |       |  1877 ||  1877
       Eveningstar       |       |       |       |       |       |       |     5 ||     5
 Fire: Blowgun           |       |       |       |       |       |       |    10 ||    10
Throw: Javelin           |       |       |       |     8 |    12 |    22 |       ||    42
       Tomahawk          |       |       |       |       |    14 |    74 |    34 ||   122
Invok: Berserk           |     1 |       |     3 |     5 |     7 |     4 |     2 ||    22
       Trog's Hand       |       |     1 |       |     2 |       |     3 |     9 ||    15
       Brothers in Arms  |       |       |       |     3 |     3 |    11 |    10 ||    27
 Abil: Evoke Flight      |       |       |       |       |       |     1 |     1 ||     2
       Evoke Invisibilit |       |       |       |       |       |     1 |     6 ||     7
Evoke: Wand              |       |       |       |     3 |     5 |     5 |    17 ||    30
       Lamp of fire      |       |       |       |       |       |       |     1 ||     1
  Use: Scroll            |       |     9 |     7 |     8 |    12 |     7 |    21 ||    64
       Potion            |       |       |       |       |     1 |    14 |    11 ||    26
 Stab: Distracted        |       |       |       |     1 |       |     2 |     3 ||     6
       Invisible         |       |       |       |       |       |     9 |    23 ||    32
       Paralysed         |       |       |       |       |       |       |     6 ||     6
       Sleeping          |       |       |       |       |       |       |     7 ||     7
       Held in net/web   |       |       |       |       |       |       |     1 ||     1
  Eat: Chunk             |     1 |     7 |     3 |     5 |     9 |    11 |    14 ||    50
       Ration            |       |       |     3 |     6 |    12 |    13 |    12 ||    46
Armor: Animal skin       |     6 |       |       |       |       |       |       ||     6
       Ring mail         |    13 |    26 |       |     5 |       |       |       ||    44
       Chain mail        |       |    17 |    80 |       |       |       |   340 ||   437
       Plate armour      |       |       |     1 |   241 |   556 |   245 |   124 ||  1167
       Swamp dragon scal |       |       |       |       |   117 |   333 |       ||   450
Dodge: Dodged            |    40 |    51 |    55 |   186 |   917 |  1192 |   840 ||  3281
Block: Other             |       |    10 |    33 |    59 |       |       |       ||   102
       Reflection        |       |       |       |     3 |    32 |    41 |   109 ||   185
       Buckler           |       |       |       |   105 |   497 |       |       ||   602
       Shield            |       |       |       |       |   642 |  1799 |  1567 ||  4008
